 Dungeon Crawl Stone Soup version 0.19-a0-1185-gacb3972 (webtiles) character file.

4 Gorice the Sneak (level 1, 0/10 HPs)
             Began as a Kobold Enchanter on Aug 18, 2016.
             Slain by a jackal (2 damage)
             ... on level 1 of the Dungeon.
             The game lasted 00:00:24 (39 turns).

Gorice the Sneak (Kobold Enchanter)                   Turns: 39, Time: 00:00:25

Health: 0/10       AC:  3    Str:  6    XL:     1   Next: 77%
Magic:  3/3        EV: 15    Int: 13    God:
Gold:   0          SH:  0    Dex: 16    Spells: 1 memorised, 3 levels left

rFire  . . .     SeeInvis .     a - +1 dagger
rCold  . . .     Gourm    .     b - +1 robe
rNeg   . . .     Faith    .     (shield restricted)
rPois  .         Spirit   .     (no helmet)
rElec  .         Dismiss  .     (no cloak)
rCorr  .         Reflect  .     (no gloves)
MR     .....     Harm     .     (no boots)
Stlth  +++.......               (no amulet)
                                (no ring)
                                (no ring)

@: no status effects
A: carnivore 3
a: no special abilities


You were on level 1 of the Dungeon.
You were not hungry.

You visited 1 branch of the dungeon, and saw 1 of its levels.

Inventory:

Hand Weapons
 a - a +1 dagger (weapon)
Armour
 b - a +1 robe (worn)
Books
 c - a book of Maledictions
Comestibles
 d - a meat ration {!e}


   Skills:
 + Level 2.3 Short Blades
 - Level 2.4 Dodging
 - Level 4.0 Stealth
 - Level 2.0 Spellcasting
 - Level 3.0 Hexes


You had 3 spell levels left.
You knew the following spells:

 Your Spells              Type           Power        Failure   Level  Hunger
a - Corona                Hex            #......      10%         1    ##.....


Dungeon Overview and Level Annotations

Branches:
Dungeon (1/15)

Altars:


Innate Abilities, Weirdness & Mutations

You are small and have problems with some larger weapons.
You are carnivorous and can eat meat at any time.


Message History

You see here 29 stones.
You see here 29 stones.
A jackal comes into view.
The ball python hisses angrily.
You see here a meat ration {!e}.
The jackal barks!
A jackal comes into view.
You barely miss the jackal. The jackal barely misses you.
The jackal barks!
You hit the jackal.
The jackal is severely wounded.
The jackal misses you.
You closely miss the jackal.
The jackal is severely wounded.
The jackal closely misses you. The ball python closely misses you.
The ball python completely misses you.
The jackal bites you but does no damage.
You hit the jackal but do no damage.
The jackal is severely wounded.
The ball python bites you but does no damage.
The ball python barely misses you. The jackal barely misses you.
You hit the jackal.
You kill the jackal!
The ball python barely misses you. The ball python misses you.
A rat comes into view.
You closely miss the ball python.
The ball python bites you but does no damage.
The ball python grabs you. The ball python constricts you.
The jackal bites you. The ball python misses you.
The ball python constricts you.
Damage: 2 (max 2)
You hit the ball python.
The ball python is severely wounded.
The jackal bites you.
* * * LOW HITPOINT WARNING * * *
The ball python bites you but does no damage.
* * * LOW HITPOINT WARNING * * *
The ball python constricts you.
Damage: 4 (max 4)
You hit the ball python.
You kill the ball python!
The jackal misses you. The jackal bites you.
* * * LOW HITPOINT WARNING * * *
Damage: 2 (max 4) Unknown command.
You see here a ball python corpse.
You hit the jackal.
The jackal is moderately wounded.
The jackal bites you.
You die...

... .# #.####.#.
#........
#..!..##........
#.....##r.......
#..g..##........
#..S..##†.......
#......#h#
#......#@#
####......#%#
............#####.
...#####(.........
#...........###
#.....#.....#
...≈.....#.....#
.⌠.≈.?...#.....#
...≈.....#.....#


You could see a jackal and a rat.

Vanquished Creatures
  A bat (D:1)
  A hobgoblin (D:1)
  A jackal (D:1)
  A ball python (D:1)
4 creatures vanquished.

Notes
Turn   | Place    | Note
-------+----------+-------------------------------------------
     0 | D:1      | Gorice the Kobold Enchanter began the quest for the Orb.
     0 | D:1      | Reached XP level 1. HP: 10/10 MP: 3/3
    21 | D:1      | Reached skill level 2 in Short Blades
    37 | D:1      | HP: 2/10 [jackal (2)]
    39 | D:1      | Slain by a jackal

Vault maps used:
D:1:      dpeg_arrival_rooms_with_view

Skill      XL: |  1 |
---------------+----+-----
Short Blades   | 2 |  2.3
Dodging        | |  2.4
Stealth        | |  4.0
Spellcasting   | |  2.0
Hexes          | |  3.0

Action                   || total
-------------------------++-------
Melee: Dagger            ||    11
 Stab: Sleeping          ||     2
Armor: Robe              ||     4
Dodge: Dodged            ||    11

Table legend:
 A = Turns spent in this place as a percentage of turns spent in the entire game.
 B = Non-inter-level travel turns spent in this place as a percentage of non-inter-level travel turns spent in the entire game.
 C = Inter-level travel turns spent in this place as a percentage of turns spent in this place.
 D = Turns resting spent in this place as a percentage of non-inter-level travel turns spent in this place.
 E = Turns spent auto-exploring this place as a percentage of non-inter-level travel turns spent in this place.
 F = Non-inter-level travel turns spent in this place divided by the number of levels of this place that you've seen.
                   A       B       C       D       E      F
               +-------+-------+-------+-------+-------+----------------------
         Total | 100.0 | 100.0 |   0.0 |   0.0 |   0.0 |  44.0
       Dungeon | 100.0 | 100.0 |   0.0 |   0.0 |   0.0 |  44.0
               +-------+-------+-------+-------+-------+----------------------

Vault maps used:
D:1:      dpeg_arrival_rooms_with_view
